[Event "SixDays Budapest January-IMB 2023"]
[Site "Budapest"]
[Date "2023.01.23"]
[Round "1.1"]
[White "Farkas, Gabor"]
[Black "Daroczi, Donat"]
[Result "1-0"]
[ECO "C00"]
[WhiteElo "2321"]
[BlackElo "2148"]
[Annotator "TA"]
[PlyCount "89"]
[EventDate "2023.01.23"]
[EventType "tourn"]
[EventCountry "HUN"]
[SourceTitle "playchess.com"]
[Source "ChessBase"]
[SourceQuality "1"]
[TimeControl "5400+30"]

1. e4 e6 2. d3 c5 3. g3 Nc6 4. Bg2 d5 5. Nd2 Nf6 6. Ngf3 Bd6 7. O-O O-O 8. Re1 Bc7 9. c3 {[%emt 0:06:00] A08: King's Indian Attack.} e5 10. Qc2 {[%emt 0:06:53] [#]} (10. exd5 $14 Nxd5 11. Nb3) 10... h6 $146 ({Predecessor:} 10... d4 11. a4 b6 12. Nc4 Ne8 13. cxd4 Nxd4 14. Nxd4 Qxd4 15. Be3 Qd7 16. Bd2 Bb7 {0-1 Murin,J (2184)-Palla,A (1974) Budapest-chT1 Lilienthal 1213 2012 (6)}) 11. Nb3 (11. exd5 $11 Nxd5 12. a3) 11... dxe4 12. dxe4 Qe7 13. Be3 b6 14. Nh4 Rd8 15. Rad1 Be6 16. Nf5 Qf8 17. Bc1 Ne7 18. Ne3 Rxd1 19. Qxd1 Rd8 20. Qe2 Qe8 21. Qa6 {[%emt 0:03:10] Repels Qa4} Bb8 22. Nd2 Qd7 23. Bf1 Qc8 24. Qa4 g6 25. Ba6 Qc6 26. Bb5 Qb7 27. f3 Kg7 28. Ndc4 Bc8 {[%emt 0:01:04] White must now prevent ...a6.} 29. Nd2 a6 30. Bf1 b5 31. Qc2 Be6 32. Nb3 Ba7 33. c4 $1 Nc6 34. Nd5 (34. cxb5 Nd4 35. Nxd4 cxd4 36. bxa6 Qb8 $17) 34... Nd4 (34... bxc4 $15 35. Qd2 g5) 35. Nxd4 $40 {[%emt 0:00:39][%mdl 128] White has some attack.} cxd4 36. Qd2 ({Don't blunder} 36. Bxh6+ $2 Kxh6 37. Kg2 Kg7 38. Nxf6 Kxf6 $19) 36... Ng8 (36... Rh8 $11 37. b3 bxc4 38. bxc4 Nd7) 37. Kh1 (37. b3 $14) 37... bxc4 38. Bxc4 f5 39. Qa5 Rd6 {[%emt 0:04:33][%mdl 8192] [#] Loses the game.} (39... Bxd5 $14 40. Bxd5 Qb6) 40. Nc7 $1 $18 {[%emt 0:00:16][%mdl 64] Discovered Attack, Double Attack. White is clearly winning.} Bxc4 41. Ne8+ ({Not} 41. Qxe5+ Rf6 42. Ne8+ Kf7 $16) 41... Kh7 42. Nxd6 Qc6 43. Nxc4 Qxc4 44. Qxe5 fxe4 45. Qxe4 {[%emt 0:00:33] Weighted Error Value: White=0.11 (very precise) /Black=0.29 (precise)} 1-0

[Event "SixDays Budapest January-IMB 2023"]
[Site "Budapest"]
[Date "2023.01.23"]
[Round "1.2"]
[White "Semprun Martinez, Fernando"]
[Black "Jakab, Attila"]
[Result "0-1"]
[ECO "E16"]
[WhiteElo "2106"]
[BlackElo "2308"]
[Annotator "TA"]
[PlyCount "56"]
[EventDate "2023.01.23"]
[EventType "tourn"]
[EventCountry "HUN"]
[SourceTitle "playchess.com"]
[Source "ChessBase"]
[SourceQuality "1"]
[TimeControl "5400+30"]

1. d4 Nf6 2. c4 e6 3. Nf3 Bb4+ 4. Bd2 Qe7 5. a3 Bxd2+ 6. Nbxd2 d6 7. e4 e5 8. d5 a5 9. b4 Na6 {[%emt 0:00:47] E11: Bogo-Indian.} 10. Rb1 ({Much worse is} 10. bxa5 Nc5 11. Qc2 Bd7 $17) 10... O-O 11. Bd3 axb4 {[%emt 0:02:17] Black has an edge.} 12. axb4 c5 {[%emt 0:00:14] [#]} 13. bxc5 $146 (13. dxc6 $11 bxc6 14. O-O) ({Predecessor:} 13. dxc6 bxc6 14. O-O c5 15. b5 Nb4 16. Nb3 Ra3 17. Qe2 Bb7 18. Nfd2 Rfa8 19. Ra1 {½-½ Vesecky,M (2083)-Kulhanek,T (2375) Ricany op-A 2011 (6)}) 13... Nxc5 $17 14. Bc2 Bg4 15. h3 Bh5 16. O-O Ra2 17. Re1 Rfa8 18. g4 ({Better is} 18. Re3 $15) 18... Bg6 19. Nh4 R8a3 20. Nxg6 hxg6 21. Nb3 Nfd7 {[%emt 0:01:33] aiming for ...Qh4. Black is much more active. A dynamic duo of knights.} 22. Re3 Qh4 {[%emt 0:02:01] ...Nf6 would be deadly.} (22... Na6 {simplifies} 23. Bd3 Ndc5 24. Nc1 Ra1) 23. Kg2 $2 {[%emt 0:08:21][%mdl 8192] [#]} (23. Qc1 $17 {only move.}) 23... Nxb3 $2 (23... f5 $1 $19 {and Black stays clearly on top. Hoping for ...Nxe4.} 24. exf5 gxf5) 24. Rexb3 $4 {[%emt 0:03:45][%mdl 8192] [#]} (24. Rbxb3 $17 Ra4 25. Rec3) 24... Nc5 $1 $19 25. Rxa3 Rxa3 26. f3 {[%emt 0:00:31] White is weak on the dark squares} Qg5 {[%emt 0:00:59] ...Qe3 is the strong threat.} ({Inferior is} 26... Ra2 27. Ra1 Rb2 28. Rb1 Rxb1 29. Qxb1 $15) 27. Qc1 (27. Qe1) 27... Qxc1 28. Rxc1 Rc3 {Weighted Error Value: White=0.57/Black=0.20 (precise)} 0-1

[Event "SixDays Budapest January-IMB 2023"]
[Site "Budapest"]
[Date "2023.01.23"]
[Round "1.3"]
[White "Urhegyi, Marton"]
[Black "Papp, Levente"]
[Result "0-1"]
[ECO "C03"]
[WhiteElo "2253"]
[BlackElo "2391"]
[Annotator "TA"]
[PlyCount "60"]
[EventDate "2023.01.23"]
[EventType "tourn"]
[EventCountry "HUN"]
[SourceTitle "playchess.com"]
[Source "ChessBase"]
[SourceQuality "1"]
[TimeControl "5400+30"]

1. e4 e6 2. d4 d5 3. Nd2 h6 4. Ngf3 Nf6 5. e5 Nfd7 6. Bd3 {[%emt 0:00:08] C03: French Tarrasch: Unusual Black 3rd moves.} c5 7. c3 Nc6 8. O-O {[%emt 0:00:21] The position is equal.} g5 9. b3 g4 10. Ne1 cxd4 11. cxd4 Nxd4 12. Qxg4 Nc6 13. Bb2 Ndxe5 {[%emt 0:10:33] [#]} 14. Qh5 $146 {[%emt 0:16:03][%mdl 2048] White puts up resistance} (14. Qe2 $5 Bd6 15. g3 $11) ({Predecessor:} 14. Qe2 d4 15. f4 Nxd3 16. Nxd3 Be7 17. Nf3 Qd5 18. Rad1 Bd7 19. Nfe5 Bf6 20. Nxd7 Qxd7 {0-1 Kamber,B (2284)-Antipov,M (2626) Biel MTO op 51st 2018 (1)}) 14... Bg7 {[%emt 0:06:15] Black wants to play ...Qg5.} 15. f4 {[%emt 0:09:56] [#] Prevents Qg5} Nf3+ {[%emt 0:07:29][%mdl 64] Discovered Attack} 16. Nexf3 (16. Ndxf3 Bxb2) 16... Bxb2 17. Ne5 Rf8 $17 18. Rae1 Nxe5 19. fxe5 Qb6+ (19... Bd7 $15) 20. Kh1 $11 {[%emt 0:00:40][%cal Of1f7] And now Rxf7! would win.} Bd7 $1 21. Nf3 O-O-O 22. Qxh6 Kb8 23. Ng5 Qd4 24. Bb1 (24. Rxf7 Ba3 25. Qh7 (25. Nxe6 $2 Bxe6 26. Qxe6 Qxd3 $19) 25... Bc8 $15) (24. Rd1 $11 {keeps the balance.}) 24... Bb5 $17 {[%emt 0:08:40] This pair of bishops is nice.} 25. Nxe6 (25. Rxf7 $2 Rxf7 26. Nxf7 Qf2 $19) (25. Rd1 $17 Bxf1 26. Rxd4 Bxd4 27. Nf3) 25... Qb6 $19 {[%emt 0:01:35][%mdl 64] Pin} 26. Qd2 fxe6 ({Less strong is} 26... Qxe6 27. Rf6 (27. Qxb2 $2 {loses.} Bxf1 28. Rxf1 d4 $19) 27... Bxe5 28. Rxe6 fxe6 29. Bd3 $14 (29. Rxe5 $2 Rf1#)) (26... Bxf1 $142 27. Nxd8 (27. Qxb2 $2 {is the wrong capture.} fxe6 28. Qd2 Rf2 $19) (27. Nxf8 $2 Bc3 $19 {[%mdl 64] Skewer}) 27... Bc3 {[%mdl 64] Deflection} 28. Qxc3 Qf2 29. Nc6+ Ka8) 27. Rxf8 Rxf8 28. Qxb2 {[%emt 0:00:02] [#]} Bf1 $1 {[%emt 0:01:04] ( -> ...Rf2)} 29. Qc3 $2 (29. Qd2 $19) 29... Qf2 30. Qg3 {[%emt 0:01:07] [#]} Bxg2+ $1 {[%mdl 512] Weighted Error Value: White=0.50/Black=0.12 (very precise)} 0-1

[Event "SixDays Budapest January-IMB 2023"]
[Site "Budapest"]
[Date "2023.01.23"]
[Round "1.4"]
[White "La Barbera, Manfredi"]
[Black "To, Nhat Minh"]
[Result "0-1"]
[ECO "B90"]
[WhiteElo "1961"]
[BlackElo "2335"]
[Annotator "TA"]
[PlyCount "110"]
[EventDate "2023.01.23"]
[EventType "tourn"]
[EventCountry "HUN"]
[SourceTitle "playchess.com"]
[Source "ChessBase"]
[SourceQuality "1"]
[TimeControl "5400+30"]

1. e4 c5 2. Nf3 d6 3. d4 cxd4 4. Nxd4 Nf6 5. Nc3 a6 6. Be3 e5 7. Nb3 Be6 8. f3 h5 9. Nd5 {[%emt 0:03:57] B90: Sicilian Najdorf: Unusual White 6th moves, 6 Be3 Ng4 and 6 Be3 e5.} Bxd5 10. exd5 Nbd7 11. Qd2 {[%emt 0:07:55] White has an edge.} g6 12. Be2 Bg7 13. O-O {[%emt 0:07:34] 13.0-0-0 gains popularity.} O-O 14. c4 b6 {[%emt 0:01:07] Against Na5} 15. a4 a5 16. Kh1 Nc5 {[%emt 0:00:46] [#]} 17. Ra3 $146 ({Predecessor:} 17. Nxc5 bxc5 18. Bd1 Rb8 19. b3 e4 20. Bc2 Re8 21. Rae1 exf3 22. gxf3 Rb7 23. Bf2 {0-1 Bilych,O (2365)-Deac,B (2683) Titled Tuesday intern op 21st Jun Late blitz 2022 (3)}) 17... Nfd7 18. Nxc5 Nxc5 19. b4 axb4 20. Qxb4 Qc7 21. Rb1 Ra6 22. Bd1 Rfa8 23. Qb5 Qd8 24. Bc2 Bf6 25. h3 Bg5 26. Qc6 (26. Bf2 $11 {remains equal.}) 26... Bxe3 $17 27. Rxe3 Kg7 28. Ra3 R8a7 {[%emt 0:01:38][%cal Ob6b5] Threatens to win with ...b5!} 29. Ra2 (29. Qb5 $17) 29... Rc7 (29... b5 $1 $19 {has better winning chances.} 30. Qxb5 Rb7 31. Qxb7 Nxb7 32. Rxb7 Qc8) 30. Qb5 Qa8 (30... Qh4 $17) 31. Rba1 (31. f4 $15) 31... Rca7 ({Black should try} 31... Qh8 $17) 32. Qb4 (32. f4 $11 {keeps the balance.}) 32... Qd8 33. Qc3 Qh4 34. Kg1 {[%emt 0:03:19] White is weak on the dark squares} Ra5 35. Ra3 (35. Kh2 $142) 35... Rc7 {[%emt 0:00:58] Black is more active.} 36. Rb1 Nd7 37. Bd3 Rxd5 $1 {[%emt 0:01:31][%mdl 64] Pin} 38. Bf1 Qd4+ 39. Qxd4 Rxd4 40. Rb5 Ra7 41. Rd5 (41. Kf2 $142) 41... Rxd5 42. cxd5 $19 {[%emt 0:00:02][%mdl 4096] Endgame KRB-KRN} Nf6 43. Bb5 Kf8 ({Weaker is} 43... Nxd5 44. Rd3 Nc7 45. Rxd6 $17) 44. Bc6 {[%emt 0:00:10] [#]} (44. Kf2 $17 {might work better.}) 44... Ra5 $1 45. Rd3 Ke7 46. g4 (46. Bb5 $17 {is the only way for White.}) 46... hxg4 47. hxg4 {[%emt 0:00:01] [#]} g5 (47... Rc5 $1 $19 48. Kf2 Kd8) 48. Kf2 (48. Bb5 $1 $15) 48... Rc5 49. Ke3 Kd8 50. Rd1 (50. Kd2 $142) 50... Rc3+ 51. Ke2 e4 52. fxe4 Nxg4 ({Stronger than} 52... Nxe4 53. Rd4 Nf6 54. Kf2) 53. Rg1 $2 (53. Rb1) 53... Re3+ 54. Kd2 Rxe4 55. Rb1 Ne5 {[%emt 0:06:41] Weighted Error Value: White=0.29 (precise) /Black=0.14 (very precise)} 0-1

[Event "SixDays Budapest January-IMB 2023"]
[Site "Budapest"]
[Date "2023.01.23"]
[Round "1.5"]
[White "Gatineau, Yovann"]
[Black "Apol, Luitjen Akselsson"]
[Result "1-0"]
[ECO "B51"]
[WhiteElo "2354"]
[BlackElo "2215"]
[Annotator "TA"]
[PlyCount "59"]
[EventDate "2023.01.23"]
[EventType "tourn"]
[EventCountry "HUN"]
[SourceTitle "playchess.com"]
[Source "ChessBase"]
[SourceQuality "1"]
[TimeControl "5400+30"]

1. e4 c5 2. Nf3 d6 3. Bb5+ Nd7 4. a4 Ngf6 5. Nc3 a6 6. Be2 {[%emt 0:01:47] B51: Sicilian: Moscow Variation (3 Bb5+) without 3...Bd7.} g6 7. O-O Bg7 8. d4 {[%emt 0:01:39] White is slightly better.} cxd4 $1 9. Nxd4 Nc5 10. Bf3 O-O 11. a5 Bd7 12. Be3 Rc8 13. h3 {[%emt 0:04:09] [#]} Qc7 $146 ({Predecessor:} 13... Re8 14. g4 h5 15. Nb3 hxg4 16. hxg4 Nh7 17. Nd5 Bb5 18. Nxc5 dxc5 19. Be2 Bxb2 20. Rb1 Bd4 21. Bxb5 axb5 22. Rxb5 e6 23. Nb6 Bxe3 24. Qxd8 Bxf2+ {½-½ Vlachos,A (2430)-David,A (2521) Aegean op 44th 2021 (9)}) 14. Qd2 Rfd8 15. Rfd1 Qb8 16. Rac1 b5 17. b4 Ne6 18. Nde2 Bc6 19. Nd5 Re8 20. Ng3 Nf8 (20... Qb7 $11) 21. h4 {[%emt 0:07:32] White is much more active. The black rooks are badly placed.} (21. Nb6 $16) 21... N8d7 22. Nxf6+ Bxf6 23. h5 Bb7 24. Bd4 {[%emt 0:02:42] Against Bc3} Ne5 25. Be2 Qa8 26. Qe3 Nd7 (26... Rc6 $14) 27. Bg4 $16 e6 28. h6 (28. Bxf6 $16 Nxf6 29. Qg5 Nxg4 30. Qxg4) 28... Rc4 {[%emt 0:00:33] [#]} (28... Be7 $11) 29. Be2 (29. Bxf6 $1 $18 Nxf6 30. Be2) 29... Rxd4 (29... Rxb4 $2 30. Bxf6 d5 31. Ra1 $18) 30. Rxd4 {[%emt 0:00:04] Weighted Error Value: White=0.17 (very precise) /Black=0.23 (precise)} 1-0

[Event "SixDays Budapest January-IMB 2023"]
[Site "Budapest"]
[Date "2023.01.24"]
[Round "2.1"]
[White "Daroczi, Donat"]
[Black "Apol, Luitjen Akselsson"]
[Result "1-0"]
[ECO "B94"]
[WhiteElo "2148"]
[BlackElo "2215"]
[Annotator "TA"]
[PlyCount "59"]
[EventDate "2023.01.23"]
[EventType "tourn"]
[EventCountry "HUN"]
[SourceTitle "playchess.com"]
[Source "ChessBase"]
[SourceQuality "1"]
[TimeControl "5400+30"]

1. e4 c5 2. Nf3 d6 3. d4 cxd4 4. Nxd4 Nf6 5. Nc3 a6 6. Bg5 Nbd7 7. Qe2 {[%emt 0:00:15] B94: Sicilian Najdorf: 6 Bg5 Nbd7.} Qa5 8. Bd2 g6 {[%emt 0:00:26] is the legacy move (8...Qb6).} 9. g4 {[%emt 0:00:13][%cal Bg2g4,Bg4g5][%mdl 32] White is slightly better.} Bg7 10. Nb3 Qd8 11. f4 {[%emt 0:04:27] [#] Against Ne5} Nb6 $146 ({Predecessor:} 11... O-O 12. O-O-O a5 13. h3 a4 14. Nd4 Nc5 15. Be1 a3 16. b3 Ne6 17. Nxe6 Bxe6 {½-½ Blazejova Vasic,J (2225)-Zalcik,V (2244) SVK-ch25 sf1 email 2020}) 12. g5 Nh5 13. O-O-O a5 {[%emt 0:02:48][%cal Ba6a5,Ba5a4,Ba4a3][%mdl 32] [#] Hoping for ...a4.} 14. Qe3 (14. Qf2 $1 $16) 14... a4 $11 15. Nd4 (15. Bb5+ Bd7 16. Nd4 a3 17. Bxd7+ Nxd7 $15) 15... a3 {[%emt 0:07:31] White must now prevent ...axb2+.} (15... Nxf4 $5 16. Ndb5 Nh5 $15) 16. b3 (16. Bb5+ Bd7 17. Bxd7+ Nxd7 $17) 16... Nxf4 {[%emt 0:01:50][%cal Oe8g8][%mdl 64] Deflection} 17. Ndb5 Be5 18. Qf2 {[%emt 0:08:59][%mdl 1024] White has compensation.} Ne6 19. Be3 {[%emt 0:00:16] White is more active.} Nd7 20. Nd5 O-O 21. h4 {[%cal Bh2h4,Bh4h5][%mdl 32] h5 would be deadly.} Bg7 $2 (21... h5 $1 $11) 22. h5 $18 Ne5 23. Qh4 Re8 $2 ({Not} 23... Nf3 24. Qg3 Ne5 25. Be2 $18) (23... h6 24. gxh6 Bf6 25. Nxf6+ exf6) 24. hxg6 {[%emt 0:01:06] White is clearly winning.} hxg6 25. Bb6 Qd7 26. Nbc7 Nxc7 27. Nxc7 ({Inferior is} 27. Bxc7 Kf8 $11) 27... Nc6 28. Nxe8 Qxe8 29. Qh7+ Kf8 {[%emt 0:00:04] [#]} 30. Qh8+ $3 {[%emt 0:00:11][%mdl 576] Skewer. Ingenious play by Daroczi!   Weighted Error Value: White=0.13 (very precise) /Black=0.25 (precise)} 1-0

[Event "SixDays Budapest January-IMB 2023"]
[Site "Budapest"]
[Date "2023.01.24"]
[Round "2.3"]
[White "Papp, Levente"]
[Black "La Barbera, Manfredi"]
[Result "1-0"]
[ECO "A15"]
[WhiteElo "2391"]
[BlackElo "1961"]
[Annotator "TA"]
[PlyCount "45"]
[EventDate "2023.01.23"]
[EventType "tourn"]
[EventCountry "HUN"]
[SourceTitle "playchess.com"]
[Source "ChessBase"]
[SourceQuality "1"]
[TimeControl "5400+30"]

1. c4 Nf6 2. g3 e6 3. Bg2 d5 4. Nf3 c5 5. cxd5 exd5 6. O-O Nc6 7. d4 Bg4 8. Ne5 {[%emt 0:03:50] D30: Queen's Gambit Declined: Systems without Nc3.} Be6 (8... Nxd4 $2 9. Nxg4 (9. Nc3 Be6 $14) 9... Nxg4 10. e3 $18) 9. Nxc6 (9. Be3 $5 ) 9... bxc6 10. Qc2 {[%emt 0:00:51] White is slightly better.} Qb6 11. dxc5 Bxc5 12. Nc3 {[%emt 0:00:56] [#] Threatens to win with Na4.} Bd6 {[%emt 0:05:43] [#]} (12... Be7 $11) 13. Bg5 $146 ({Predecessor:} 13. Be3 Qc7 14. Rac1 Rc8 15. Qa4 O-O 16. Rfd1 Qd7 17. Qxa7 Rc7 18. Qa4 Bh3 19. Bd4 Bxg2 20. Kxg2 {1-0 Menezes,C (2308)-Herndlbauer,M (2110) AUT-chT2O 1415 2014 (8.5)}) 13... Nd7 14. Rac1 {[%emt 0:17:01][%cal Oc3d5] Strongly threatening Nxd5!} Ne5 (14... Qa5 $142) 15. Na4 Qc7 16. f4 Nc4 17. f5 Bd7 18. e4 h6 $2 {[%emt 0:04:52] [#] This costs Black the game.} (18... O-O $16) 19. exd5 $18 hxg5 20. Qxc4 O-O $2 (20... c5 {is a better defense.} 21. f6 (21. Nxc5 O-O $18) 21... g6 22. Rfe1+ (22. Nxc5 O-O $18) 22... Kf8 23. Nxc5 Kg8 24. Nxd7 Qxd7) 21. dxc6 Bc8 22. Kh1 a5 23. Qg4 {[%emt 0:01:19] Weighted Error Value: White=0.08 (flawless) /Black=0.40} 1-0

[Event "SixDays Budapest January-IMB 2023"]
[Site "Budapest"]
[Date "2023.01.24"]
[Round "2.4"]
[White "Jakab, Attila"]
[Black "Urhegyi, Marton"]
[Result "0-1"]
[ECO "A57"]
[WhiteElo "2308"]
[BlackElo "2253"]
[Annotator "TA"]
[PlyCount "44"]
[EventDate "2023.01.23"]
[EventType "tourn"]
[EventCountry "HUN"]
[SourceTitle "playchess.com"]
[Source "ChessBase"]
[SourceQuality "1"]
[TimeControl "5400+30"]

1. d4 Nf6 2. c4 c5 3. d5 b5 4. cxb5 a6 5. f3 axb5 6. e4 Qa5+ 7. Bd2 b4 8. Na3 d6 9. Nc4 Qd8 10. a3 e6 11. dxe6 Bxe6 12. axb4 Rxa1 13. Qxa1 d5 14. exd5 {[%emt 0:02:52] A57: Benko/Volga Gambit.} Nxd5 15. Ne5 Bd6 {[%emt 0:17:37][%mdl 1024] Black has compensation.} 16. Bb5+ {[%emt 0:00:42] The position is equal.} Kf8 {[%emt 0:01:22][%cal Od5b4] [#] ...Nxb4! is the strong threat.} 17. Nd3 {[%emt 0:03:56] [#]} Qh4+ $146 ({Don't take} 17... Bd7 18. Bxd7 Nxd7 19. Qa6 $16) (17... cxb4 $11 18. Qa7 Bd7) ({Predecessor:} 17... c4 18. Nc5 Qh4+ 19. Kf1 Bxc5 20. bxc5 Qd4 21. Qc1 Ne7 22. Ne2 Qxc5 23. Ba4 Nd5 {½-½ Collyer,C (2259)-Lee,M (2304) Washington State-ch 2009 (3)}) 18. Kf1 ({Better is} 18. g3 $1 $14 Bxg3+ 19. Kf1) 18... Nc7 19. g3 $2 {[%emt 0:03:46] [#] Now White is beyond hope.} (19. Be1 $14 Qd4 20. Ne2) 19... Qd4 $1 $36 {[%emt 0:17:15][%mdl 2048] Black is in control.} 20. Qa5 (20. Ne2 Qd5 21. Kf2 cxb4 22. Bxb4 Bxb4 23. Nxb4 Qc5+ 24. Kg2) 20... c4 {[%emt 0:01:50] Black is clearly winning.} 21. Nf4 {[%emt 0:04:43] aiming for Bc3.} Qxd2 22. Qb6 {[%emt 0:00:04] Prevents Bc5.} (22. Nge2 $142) 22... Ke7 {[%emt 0:04:41] Weighted Error Value: White=1.15/Black=0.17 (very precise)} 0-1

[Event "SixDays Budapest January-IMB 2023"]
[Site "Budapest"]
[Date "2023.01.24"]
[Round "2.5"]
[White "Farkas, Gabor"]
[Black "Semprun Martinez, Fernando"]
[Result "1-0"]
[ECO "B30"]
[WhiteElo "2321"]
[BlackElo "2106"]
[Annotator "TA"]
[PlyCount "99"]
[EventDate "2023.01.23"]
[EventType "tourn"]
[EventCountry "HUN"]
[SourceTitle "playchess.com"]
[Source "ChessBase"]
[SourceQuality "1"]
[TimeControl "5400+30"]

1. Nf3 c5 2. e4 Nc6 3. c3 Nf6 4. e5 Nd5 5. d4 cxd4 6. cxd4 g6 7. Nc3 (7. Qb3 $5 e6 8. Nc3 $14) 7... Nxc3 {[%emt 0:00:59] B22: Sicilian: 2 c3.} 8. bxc3 Bg7 9. Bf4 O-O {[%emt 0:12:25] The position is equal.} 10. d5 Na5 11. Be2 d6 12. O-O Bg4 {[%emt 0:02:10] [#]} 13. exd6 $146 ({Predecessor:} 13. Qd4 b6 14. Ba6 Bxf3 15. gxf3 Qc7 16. Rfe1 Rfd8 17. Bg3 dxe5 18. Bxe5 Bxe5 19. Qxe5 {½-½ Yuzhakov,O (2353)-Tarlev,K (2544) Mendeleev Memorial 3rd 2012 (8)}) 13... exd6 14. Rc1 Bxf3 15. Bxf3 Rc8 16. Qd3 {[%emt 0:08:45] Repels b5} Qf6 17. Be3 b6 (17... Nc4 $5 ) 18. c4 Rc7 19. c5 dxc5 (19... bxc5 20. Qa3 Nb7 21. Qxa7 $11) 20. Qd2 Qd6 21. Rfe1 {[%emt 0:05:52] Threatens to win with Bf4.} Be5 {[%emt 0:01:30] Wards off Bf4} 22. Bh6 {[%emt 0:01:59] [#]} (22. g3 $15 {should be considered.}) 22... Re8 $1 $17 (22... Bxh2+ $2 23. Kh1 $18) 23. Kh1 Rce7 24. Bg5 f6 25. Be3 {[%emt 0:01:41][%cal Oe3c5] [#]} c4 (25... Bxh2 26. g3 Bxg3 27. fxg3 Qxg3 28. Qf2 Qxf2 29. Bxf2 $15) (25... Nb7 $142 $1 26. g3 Qd7) 26. g3 c3 27. Qd3 Qb4 (27... Kg7 $17) 28. Bg2 (28. d6 $1 $15 Qxd6 29. Rxc3) 28... Qc4 ({Black should play} 28... Nc4 $17 29. Bf1 Nxe3 30. Rxe3 Bd4 31. Rxe7 Rxe7) 29. Qc2 $15 Nb7 (29... Kg7 {keeps more tension.} 30. Red1 Nb7 31. Bf1 Qg4) 30. Red1 $1 {[%emt 0:00:31][%cal Od5d6,Be1d1,Bd1d3,Bd3c3,Bc3c4][%mdl 32] Black must now prevent d6!} Bd6 (30... Kg7 $15) 31. Rd3 (31. Qxc3 {simplifies} Qxc3 32. Rxc3 Kg7 33. Bf3) 31... Nc5 (31... Rc8 $11) 32. Rxc3 $14 Qg4 33. Rc4 Qd7 34. Qc3 Be5 35. Qd2 Bd6 36. Qd4 Be5 37. Qh4 Nb7 38. Rc6 Nd8 39. Rc8 Nf7 40. Rxe8+ Rxe8 41. Qc4 Nd6 42. Qb3 Kg7 43. f4 Bb2 {[%emt 0:00:41][%mdl 64] Deflection} 44. Rb1 (44. Rc6 $5 Ba1 45. Qd3 $16) 44... Nf5 45. Bxb6 {[%emt 0:00:47] Threatening Bg1. This pair of bishops is nice.} (45. Bf2 $5 Bd4 $8 46. Bxd4 Nxd4 47. Qd3 $11) 45... Bd4 (45... Rb8 $11 {keeps the balance.} 46. Qxb2 Rxb6) 46. Bxd4 $16 Nxd4 47. Qd3 Qa4 48. h3 (48. Rb7+ $16 Kf8 49. h4 (49. Rxh7 Re1+ 50. Bf1 Qxa2 $11)) 48... Nf5 $11 {And now ...Re3 would win.} 49. d6 (49. Qc3 $11 Re2 50. a3) 49... Re3 $1 $15 {[%emt 0:01:25][%mdl 1024] Black has compensation.} 50. Qd2 $1 {[%emt 0:00:10][%mdl 32768] Weighted Error Value: White=0.17 (very precise) /Black=0.15 (very precise) . Loss on time!?} ({Not} 50. Rb7+ $2 Kh6 51. Qb1 Nxg3+ 52. Kg1 (52. Kh2 $2 Qxf4 53. Rb4 Qxd6 $19) 52... Qd4 $19) 1-0

[Event "SixDays Budapest January-IMB 2023"]
[Site "Budapest"]
[Date "2023.01.24"]
[Round "3.1"]
[White "Semprun Martinez, Fernando"]
[Black "Daroczi, Donat"]
[Result "0-1"]
[ECO "B75"]
[WhiteElo "2106"]
[BlackElo "2148"]
[Annotator "TA"]
[PlyCount "46"]
[EventDate "2023.01.23"]
[EventType "tourn"]
[EventCountry "HUN"]
[SourceTitle "playchess.com"]
[Source "ChessBase"]
[SourceQuality "1"]
[TimeControl "5400+30"]

1. e4 c5 2. Nf3 d6 3. d4 cxd4 4. Nxd4 Nf6 5. Nc3 g6 6. Be3 Bg7 7. f3 a6 8. Qd2 h5 {[%emt 0:00:10] B75: Sicilian Dragon: Yugoslav Attack, Miscellaneous.} 9. O-O-O {[%emt 0:00:39] 9.Be2 gains popularity.} b5 {[%emt 0:01:15] [#]} 10. a4 $146 ({Better is} 10. Nd5 $14) ({Predecessor:} 10. a3 Bb7 11. h3 Nbd7 12. Bd3 h4 13. f4 Rc8 14. f5 Rxc3 15. Qxc3 Nxe4 16. Qe1 {1-0 Fier,A (2564)-Gokerkan,C (2465) Online Olym Div Top-D rapid 2021 (7.4)}) 10... bxa4 {[%emt 0:12:12] Black has an edge.} 11. Nxa4 Nbd7 ({Black should try} 11... Bd7 $11 12. Nc3 Nc6) 12. Nc6 $14 Qc7 13. Qc3 Kf8 {[%emt 0:15:02][%cal Of6d5] aiming for ...Nd5!} (13... Bb7 14. Na5 Qxc3 15. Nxc3 $16) 14. Bd4 h4 15. Na5 $36 {[%emt 0:10:00][%mdl 2048] White has some pressure.} Qd8 (15... Qxc3 $14 16. Nxc3 Rh5) 16. Bc4 {[%emt 0:15:28] Threatens to win with Bd5.} Rh5 {[%emt 0:00:52] [#] Dodges Bd5} (16... Qc7 $16) 17. Bd5 $1 $18 Bh6+ (17... Nxd5 $2 18. Bxg7+ Kg8 19. exd5 $18) 18. Kb1 Nxd5 19. exd5 Qe8 (19... Rxd5 $2 20. Bb6 Bg7 21. Qxg7+ (21. Rxd5 $2 {loses.} Nxb6 22. Qc6 Rb8 $19) 21... Kxg7 22. Bxd8 $18) 20. Qc6 Rb8 {[%emt 0:01:27] [#]} 21. c4 {[%emt 0:02:14][%mdl 8192] Wards off Rb5} (21. g4 $1 $16 {[%cal Rg4h5] stays on course.} hxg3 22. hxg3) 21... Qd8 $19 22. Ba7 (22. c5 {was worth a try.} Nxc5 23. Nxc5 Qxa5 24. Ne4 Rxd5 25. Bc3) 22... Rb4 {[%emt 0:07:35] Hoping for ...Ne5.} ({Inferior is} 22... Qxa5 23. Bxb8 $17) 23. f4 Bxf4 {[%emt 0:02:28] Weighted Error Value: White=1.00/Black=0.26 (precise)} 0-1